 Dungeon Crawl Stone Soup version 0.30.0-11-gf55b779eaf (webtiles) character file.

Game seed: 16714607537940925116

219 tizbic2 the Shooter (level 6, -10/47 HPs)
             Began as a Formicid Hunter on May 16, 2023.
             Killed by an exploding Ijyb (19 damage)
             ... ignited by their inner flame
             ... on level 3 of the Dungeon.
             The game lasted 00:06:56 (1735 turns).

tizbic2 the Shooter (Formicid Hunter)               Turns: 1735, Time: 00:06:56

Health: -10/47     AC: 11    Str: 15    XL:     6   Next: 17%
Magic:  6/6        EV:  7    Int:  9    God:
Gold:   101        SH:  0    Dex: 19    Spells: 5/5 levels left

rFire   . . .        a - +0 shortbow
rCold   . . .        (no shield)
rNeg    . . .        f - +0 chain mail
rPois   .            (helmet unavailable)
rElec   .            (no cloak)
rCorr   .            (no gloves)
SInv    +            g - +2 pair of boots
Will    .....        (no amulet) Stlth
                     (no ring)
HPRegen 0.27/turn    (no ring)
MPRegen 0.10/turn

%: no passive effects
@: no status effects
A: permanent stasis, dig shafts and tunnels, antennae 3, four strong arms
a: Dig, Shaft Self


You were on level 3 of the Dungeon.
You visited 1 branch of the dungeon, and saw 3 of its levels.

You collected 101 gold pieces.

Inventory:

Hand Weapons
 a - a +0 shortbow (weapon)
Missiles
 i - 5 poisoned darts
Armour
 d - a +0 ring mail
 f - a +0 chain mail (worn)
 g - a +2 pair of boots (worn)
Magical Staves
 j - a staff of air
Scrolls
 e - a scroll of identify
 k - a scroll of poison
Potions
 h - a potion of resistance {unknown}


   Skills:
 + Level 3.4 Fighting
 * Level 5.4 Ranged Weapons
 + Level 2.4 Armour
 - Level 1.7 Dodging
 - Level 1.2 Stealth
 + Level 3.0 Shields


You had 5 spell levels left.
You didn't know any spells.
Your spell library contained the following spells:

 Spells                   Type           Power      Damage    Failure   Level
 Lesser Beckoning         Tloc           0%         N/A       100%        2
 Momentum Strike          Conj/Tloc      0%         3d8       100%        2
 Sublimation of Blood     Necr           0%         N/A       100%        2
 Wereblood                Tmut           0%         N/A       100%        2
 Gell's Gravitas          Tloc           0%         N/A       100%        3
 Ignite Poison            Fire/Tmut/Pois 0%         N/A       100%        3
 Teleport Other           Tloc           0%         N/A       100%        3
 Sticky Flame             Conj/Fire      0%         2d3       100%        4
 Summon Hydra             Summ           0%         N/A       100%        7
 Ignition                 Fire           0%         3d3       100%        8
 Blink                    Tloc           Unusable   N/A       N/A         2

Dungeon Overview and Level Annotations

Branches:
Dungeon (3/15)

Altars:

Shops:
D:1 :   D:2 ?

Annotations:
D:2 1 runed translucent door, Crazy Yiuf


Innate Abilities, Weirdness & Mutations

You cannot be hasted, slowed, berserked, paralysed or teleported.
You can dig through walls and to a lower floor.
You have a pair of large antennae on your head. (SInv)
Your four strong arms can wield two-handed weapons with a shield.


Message History

Ijyb screams, "Die!"
Ijyb hits you but does no damage.
Fire: a) +0 shortbow
Press: ? - help, Q - select action, (/) - cycle Shift-Dir - straight line, f/p - Ijyb
Aim: Ijyb, wielding a +0 dagger, wearing a +0 scale mail and carrying a wand of quicksilver (8) (61% to hit)
You shoot an arrow. The arrow hits Ijyb but does no damage.
Ijyb hits you with a +0 dagger.
The orc priest invokes the aid of Beogh against you.
Beogh smites you!
* * * LOW HITPOINT WARNING * * *
Ijyb hits you but does no damage.
Fire: a) +0 shortbow
Press: ? - help, Q - select action, (/) - cycle Shift-Dir - straight line, f/p - Ijyb
Aim: Ijyb, wielding a +0 dagger, wearing a +0 scale mail and carrying a wand of quicksilver (8) (61% to hit)
You shoot an arrow. The arrow hits Ijyb!
Ijyb is moderately wounded.
Ijyb hits you but does no damage.
The orc priest miscasts a cantrip.
Okay, then.
Really read the scroll of immolation?
As you read the scroll of immolation, it crumbles to dust.
The creatures around you are filled with an inner flame!
Ijyb completely misses you. Ijyb attacks as you move away!
Ijyb hits you with a +0 dagger.
* * * LOW HITPOINT WARNING * * *
Fire: a) +0 shortbow
Press: ? - help, Q - select action, (/) - cycle Shift-Dir - straight line, f - orc, p - Ijyb
Aim: an orc, wielding a +0 dagger (inner flame, 64% to hit)
You shoot an arrow. The arrow closely misses Ijyb.
The arrow hits the orc!
The orc explodes!
The fiery explosion engulfs Ijyb!
Flame seeps out of Ijyb.
Ijyb is severely wounded.
The fiery explosion engulfs the orc priest!!
The orc priest explodes!
The fiery explosion engulfs the orc!
The orc explodes!
Ijyb is engulfed in blazing flames.
Ijyb explodes!
The fiery explosion engulfs you!!
You die...

#############
#######.@§§§§§.....
#.......####§§###..
#.#####.### .....
#.##...... #o.#....
#.##.##.##†#..# #..
#........#..... .
#...............
##.......## .###
#.......#


There were no monsters in sight!

Vanquished Creatures
  Sigmund (D:2)
  An orc priest (D:3)
  Ijyb (D:3)
  An adder (D:2)
  5 orcs (D:3)
  3 ball pythons
  4 endoplasms
  4 giant cockroaches
  2 goblins
  5 hobgoblins
  2 jackals (D:2)
  5 bats
  2 frilled lizards
  2 kobolds (D:1)
  3 rats
41 creatures vanquished.

Notes
Turn   | Place    | Note
-------+----------+-------------------------------------------
     0 | D:1      | tizbic2 the Formicid Hunter began the quest for the Orb.
     0 | D:1      | Reached XP level 1. HP: 16/16 MP: 1/1
   222 | D:1      | Reached XP level 2. HP: 23/23 MP: 2/2
   498 | D:1      | Reached skill level 1 in Shields
   516 | D:1      | Found Kium's Vocational Training.
   767 | D:2      | Reached XP level 3. HP: 28/28 MP: 3/3
   796 | D:2      | Reached skill level 1 in Armour
   838 | D:2      | Found Videada's Magic Scroll Boutique.
   912 | D:2      | Noticed Sigmund
   923 | D:2      | Killed Sigmund
   924 | D:2      | Reached skill level 5 in Ranged Weapons
   924 | D:2      | Reached XP level 4. HP: 25/35 MP: 4/4
   924 | D:2      | Reached XP level 5. HP: 29/41 MP: 5/5
   924 | D:2      | Reached XP level 6. HP: 34/47 MP: 6/6
  1278 | D:2      | Found a runed translucent door.
  1279 | D:2      | Noticed Crazy Yiuf
  1714 | D:3      | Noticed Ijyb
  1735 | D:3      | Killed Ijyb
  1735 | D:3      | Killed by an exploding Ijyb... ignited by their inner flame

Illustrated notes

Levels and vault maps discovered:
D:1:      mrwooster_arrival_statue_2, layout_basic, nicolae_shop_vocational
D:2:      layout_loops_ring, serial_shops, shop, uniq_sigmund,
          uniq_crazy_yiuf_cottage
D:3:      layout_loops_cross, uniq_ijyb, uniq_grinder

Skill      XL: |  1  2  3  4  5  6 |
---------------+-------------------+-----
Shields        | 1 2 3 |  3.0
Armour         | 2 |  2.4
Fighting       | 3 |  3.4
Ranged Weapons | 5 |  5.4
Dodging        | |  1.7
Stealth        | |  1.2

Action                     |  1- 3 |  4- 6 || total
---------------------------+-------+-------++-------
   Fire: Shortbow          |    73 |    38 ||   111
    Use: Scroll            |     4 |     6 ||    10
         Potion            |     1 |     2 ||     3
 Armour: Leather armour    |     4 |       ||     4
         Chain mail        |    37 |    19 ||    56
  Dodge: Dodged            |    32 |    10 ||    42
